 Dungeon Crawl Stone Soup version 0.32-a0-876-gcfddb08e57 (webtiles) character file.

Game seed: 18289057508704406386

17885 Zeldest the Carver (level 12, -4/94 HPs)
             Began as a Coglin Chaos Knight on Apr 1, 2024.
             Was a Plaything of Xom.
             Incinerated by a deep elf pyromancer (11 damage)
             ... with a pyre arrow
             ... on level 12 of the Dungeon.
             The game lasted 00:22:50 (10787 turns).

Zeldest the Carver (Coglin Chaos Knight)           Turns: 10787, Time: 00:22:50

Health: -4/94      AC: 13    Str: 12    XL:     12   Next: 52%
Magic:  10/10      EV: 13    Int: 17    God:    Xom [...*..]
Gold:   1093       SH:  0    Dex: 16    Spells: 11/11 levels left

rFire   . . .        a - +1 demon blade (chaos) {Gustavo}
rCold   . . .        m - +0 demon blade (venom) {Mishil}
rNeg    . . .        D - +2 swamp dragon scales
rPois   +            (no helmet)
rElec   .            x - +2 cloak {Stlth+}
rCorr   .            (no gloves)
SInv    +            c - +0 pair of boots
Will    .....        (amulet unavailable)
Stlth   ++           (ring unavailable)
HPRegen 0.35/turn    (ring unavailable)
MPRegen 0.12/turn    (no gizmo)

%: random rage (3%)
@: on fire, glowing, revved
A: off-hand wielding, slow wielding, warmup strikes, no jewellery, see
invisible, berserk 1, clever 1, low MP 1
a: Invent Gizmo, Renounce Religion


You were on level 12 of the Dungeon.
You worshipped Xom.
You were a favourite toy of Xom.
You visited 1 branch of the dungeon, and saw 12 of its levels.
You also visited: Sewer.

You collected 1761 gold pieces.
You spent 668 gold pieces at shops.

Inventory:

Hand Weapons
 a - a +1 demon blade of chaos (weapon) {Gustavo}
 m - a +0 demon blade of venom (offhand) {Mishil}
 A - a +0 falchion of chaos {Narong}
Missiles
 r - 43 poisoned darts
 y - 4 curare-tipped darts (quivered)
Armour
 c - a +0 pair of boots (worn)
 d - a +1 troll leather armour {Pargi}
 k - a +4 ring mail
 x - a +2 cloak of stealth (worn)
 D - +2 swamp dragon scales (worn)
Talismans
 p - a beast talisman
Wands
 j - a wand of digging (5)
 n - a wand of iceblast (17)
 s - a wand of mindburst (42)
 v - a wand of flame (37)
 C - a wand of paralysis (8)
Scrolls
 b - 2 scrolls of poison
 f - 7 scrolls of teleportation
 h - 2 scrolls of torment
 q - a scroll of noise
 u - 2 scrolls of vulnerability
 B - a scroll of fear
 E - 2 scrolls of amnesia
 H - a scroll of enchant weapon {unknown}
Potions
 e - a potion of ambrosia
 g - 3 potions of brilliance
 i - 4 potions of might
 l - 5 potions of enlightenment
 o - 5 potions of lignification
 z - a potion of mutation
 F - a potion of invisibility {unknown}
 G - a potion of haste


   Skills:
 + Level 8.8 Fighting
 - Level 14.6 Long Blades
 - Level 1.7 Armour
 + Level 7.5 Dodging
 + Level 5.9 Stealth
 + Level 6.5 Evocations


You had 11 spell levels left.
You didn't know any spells.
Your spell library contained the following spells:

 Spells                   Type           Power      Damage    Failure   Level
 Kiss of Death            Conj/Necr      0%         2d5       45%         1
 Necrotise                Necr           0%         1d4       45%         1
 Summon Small Mammal      Summ           0%         N/A       45%         1
 Call Canine Familiar     Summ           0%         N/A       83%         3
 Confusing Touch          Hex            0%         N/A       83%         3
 Fugue of the Fallen      Necr           0%         N/A       83%         3
 Ozocubu's Armour         Ice            0%         N/A       83%         3
 Tukima's Dance           Hex            0%         N/A       83%         3
 Vampiric Draining        Necr           0%         2d6       83%         3
 Dimensional Bullseye     Hex/Tloc       0%         N/A       99%         4
 Dispel Undead            Necr           0%         3d6       99%         4
 Iskenderun's Mystic Bla Conj/Tloc 0%             2d3        (+2d1     99%         4
 Martyr's Knell           Necr/Summ      0%         N/A       99%         4
 Summon Blazeheart Golem  Fire/Summ      0%         N/A       99%         4
 Curse of Agony           Necr           0%         N/A       100%        5
 Manifold Assault         Tloc           0%         N/A       100%        7


Dungeon Overview and Level Annotations

Branches:
Dungeon (12/15) Zot: 26947  Temple (0/1) D:6             Orc (0/2) D:11
  Sewer (visited)
   Lair: D:8-11

Altars:
Ashenzari
Cheibriados
Elyvilon
Fedhas
Kikubaaqudgha
Qazlal
Ru
Sif Muna
Vehumet
Wu Jian
Xom
Zin
Beogh

Shops:
D:4 (   D:5 [   D:6 ([((=   D:8 *

Annotations:
D:7 3 runed translucent doors, Griffin23's ghost, novice MiFi


Innate Abilities, Weirdness & Mutations

You can wield a second weapon in your off-hand.
It takes a long time for you to wield or remove held weapons.
Your first few attacks do less damage.
You cannot equip rings or amulets.
You have supernaturally acute eyesight. (SInv)
You sometimes lose your temper in combat.
Your mind is acute. (Int +4, Str/Dex -1)
Your magical capacity is low. (-10% MP)


Message History

Press ? for a list of commands and other information.
You slash the hog with your +1 demon blade of chaos!
The hog looks as sick as possible!
The hog is heavily wounded.
You slash the hog with your +0 demon blade of venom!
The hog looks as sick as possible!
The liquid fire burns you! The hog bites you!
You hit the hog with your +1 demon blade of chaos.
You burn the hog.
The hog is lightly wounded.
You barely miss the hog with your +0 demon blade of venom.
The liquid fire burns you!
* * * LOW HITPOINT WARNING * * *
The hog closely misses the hog.
The hog bites you but does no damage.
You closely miss the hog with your +1 demon blade of chaos.
The hog is lightly wounded.
You closely miss the hog with your +0 demon blade of venom.
The liquid fire burns you!
* * * LOW HITPOINT WARNING * * *
Your ice beast hits the hog but does no damage.
You hit the hog with your +0 demon blade of venom.
The hog is poisoned.
The hog is moderately wounded.
You slash the hog with your +1 demon blade of chaos!
You burn the hog. The liquid fire burns you!
* * * LOW HITPOINT WARNING * * *
You kill the hog!
The hog bites you!
* * * LOW HITPOINT WARNING * * *
Xom thinks this is hilarious!
Your ice beast hits the hog.
Your ice beast freezes the hog!
The hog dies!
You feel better. The liquid fire burns you!
* * * LOW HITPOINT WARNING * * *
You shake off some of the fire as you move.
The liquid fire burns you!
You die...

........###
..........#
..........##
...........#
...........#
...........#
.....††Y...#
......††...#
........@.##
##........#
######
#####.##.#
.....#### ##
#.##
........###
##.#
..........##
##..###
...........#
#.....##
...........#
#......##
...........#
##.......##


You could see a friendly ice beast (summoned).

Vanquished Creatures
  2 two-headed ogres
  Sonja (D:11)
  Lodul (D:11)
  6 deep elf pyromancers
  A steelbarb worm (shapeshifter) (D:9)
  A manticore (D:11)
  A black mamba (shapeshifter) (D:9)
  An unseen horror (shapeshifter) (D:9)
  Maggie (D:8)
  2 kobold demonologists
  2 trolls
  A vampire (D:10)
  A hog (D:12)
  A wraith (D:12)
  A wyvern (D:8)
  5 yaks (D:10)
  Eustachio (D:6)
  A steam dragon (D:6)
  5 fire bats (D:9)
  Menkaure (D:4)
  7 vampire mosquitoes
  An acid dragon (D:11)
  A water moccasin (D:8)
  5 orc warriors
  4 ice beasts (D:9)
  A sky beast (shapeshifter) (D:9)
  Pargi (Sewer)
  3 black bears
  3 sky beasts
  11 ogres
  5 centaurs
  2 phantoms
  5 kobold brigands
  A brain worm (Sewer)
  5 bullfrogs
  2 gnoll sergeants
  A scorpion (D:3)
  23 wights
  22 killer bees
  5 howler monkeys
  A quasit (D:4)
  4 hounds
  2 jellies
  A gnoll bouda (D:7)
  2 orc priests (D:11)
  2 iguanas (D:6)
  A sleepcap (D:6)
  4 orc wizards
  7 adders
  11 gnolls
  3 shadow imps (D:7)
  2 ribbon worms (D:2)
  4 dart slugs
  33 orcs
  13 ball pythons
  5 endoplasms
  3 giant cockroaches (D:3)
  10 goblins
  6 hobgoblins
  4 quokkas
  10 bats
  3 frilled lizards
  20 kobolds
  7 rats
302 creatures vanquished.

Vanquished Creatures (collateral kills)
  A hog (D:12)
  An orc wizard (D:9)
  A gnoll (D:6)
  A giant cockroach (D:3)
  3 rats (D:3)
7 creatures vanquished.

Vanquished Creatures (others)
  A dancing weapon (D:11)
  A killer bee zombie (D:9)
2 creatures vanquished.

Grand Total: 311 creatures vanquished

Notes
Turn   | Place    | Note
-------+----------+-------------------------------------------
     0 | D:1      | Zeldest the Coglin Chaos Knight began the quest for the
                  | Orb.
     0 | D:1      | Reached XP level 1. HP: 18/18 MP: 1/1
    33 | D:1      | XOM: silly message
    66 | D:1      | XOM: silly message
    98 | D:1      | Reached skill level 1 in Dodging
   172 | D:1      | Reached XP level 2. HP: 24/24 MP: 2/2
   291 | D:1      | XOM: divination: detect items
   538 | D:1      | XOM: cloud trail
   547 | D:1      | XOM: confuse monster(s)
   726 | D:1      | Reached XP level 3. HP: 29/29 MP: 3/3
  1211 | D:2      | Reached skill level 4 in Long Blades
  1211 | D:2      | Reached XP level 4. HP: 35/35 MP: 4/4
  1505 | D:2      | XOM: summons 3 hostile demons
  1687 | D:2      | XOM: give mutation
  1687 | D:2      | Gained mutation: You sometimes lose your temper in combat.
                  | [Xom's mischief]
  2038 | D:3      | XOM: fog
  2120 | D:3      | XOM: fake destruction
  2129 | D:3      | Reached XP level 5. HP: 42/42 MP: 5/5
  2182 | D:3      | XOM: divination: detect items
  2440 | D:3      | XOM: scenery: create altars
  2507 | D:3      | Found a blossoming altar of Fedhas.
  2511 | D:3      | Found a stormy altar of Qazlal.
  2595 | D:3      | Found a glowing drain.
  2595 | D:3      | XOM: cast spell 'Disjunction'
  2596 | D:3      | XOM: summons friendly ufetubus
  2601 | D:3      | Reached skill level 5 in Long Blades
  2604 | D:3      | XOM: fog
  2608 | D:3      | Reached XP level 6. HP: 39/48 MP: 6/6
  2611 | Sewer    | Entered a sewer
  2686 | Sewer    | XOM: god gift: beast talisman
  2702 | Sewer    | Noticed Pargi
  2709 | Sewer    | Killed Pargi
  2917 | D:3      | XOM: polymorph adder -> bat
  3029 | D:4      | Reached XP level 7. HP: 31/55 MP: 7/7
  3114 | D:4      | Reached skill level 6 in Long Blades
  3132 | D:4      | Noticed Grinder
  3133 | D:4      | Paralysed by Grinder for 5 turns
  3136 | D:4      | Grinder changed into Grinder the quasit
  3136 | D:4      | Noticed Grinder
  3136 | D:4      | XOM: polymorph Grinder -> Grinder the quasit
  3140 | D:4      | Killed Grinder the quasit
  3247 | D:4      | XOM: scenery: 1 doors open
  3258 | D:4      | XOM: 5-stop teleportation journey
  3265 | D:4      | Noticed Menkaure
  3273 | D:4      | Killed Menkaure
  3274 | D:4      | Reached skill level 5 in Fighting
  3318 | D:4      | Found Ocimuujojey's Weapon Shop.
  3339 | D:4      | Found a glowing silver altar of Zin.
  3339 | D:4      | Noticed an angel
  3346 | D:4      | XOM: god gift: chain mail {god gift}
  3371 | D:4      | XOM: cleaving
  3439 | D:4      | XOM: summons 3 hostile demons
  3697 | D:4      | Found a radiant altar of Vehumet.
  3697 | D:4      | Found an ancient bone altar of Kikubaaqudgha.
  3697 | D:4      | Found a broken altar of Ashenzari.
  3697 | D:4      | Found a snail-covered altar of Cheibriados.
  3698 | D:4      | Found a sacrificial altar of Ru.
  3698 | D:4      | Found a shimmering altar of Xom.
  3700 | D:4      | Found a white marble altar of Elyvilon.
  3700 | D:4      | Found a shimmering blue altar of Sif Muna.
  3700 | D:4      | Found an ornate altar of the Wu Jian Council.
  3763 | D:5      | Entered Level 5 of the Dungeon
  3792 | D:5      | Reached XP level 8. HP: 62/62 MP: 8/8
  3880 | D:5      | Reached skill level 7 in Long Blades
  4127 | D:5      | XOM: 8-stop teleportation journey
  4131 | D:5      | XOM: 4-stop teleportation journey
  4265 | D:5      | Found Woit's Armour Emporium.
  4274 | D:5      | Bought a +2 cloak of stealth for 236 gold pieces
  4366 | D:6      | Found Nimoaps's Armour Boutique.
  4390 | D:6      | Reached skill level 1 in Stealth
  4442 | D:6      | Found Vochilu's Weapon Shoppe.
  4444 | D:6      | Found Afugroaq's Weapon Shop.
  4566 | D:6      | XOM: confuse monster(s)
  4572 | D:6      | XOM: cast spell 'Discord'
  4671 | D:6      | XOM: god gift: wand of flame (6)
  4793 | D:6      | Reached skill level 8 in Long Blades
  4858 | D:6      | Noticed Eustachio
  4858 | D:6      | XOM: scenery: create altars
  4861 | D:6      | Killed Eustachio
  4862 | D:6      | Reached XP level 9. HP: 69/69 MP: 9/9
  4966 | D:6      | Reached skill level 5 in Dodging
  4968 | D:6      | Found a staircase to the Ecumenical Temple.
  4990 | D:6      | Found Uzenkopt's Antique Weapon Shop.
  5225 | D:6      | Found Gupnanau's Jewellery Shop.
  5367 | D:6      | XOM: give mutation
  5367 | D:6      | Gained mutation: You have supernaturally acute eyesight.
                  | (SInv) [Xom's grace]
  5450 | D:7      | Noticed a troll
  5458 | D:7      | Killed a troll
  5561 | D:7      | Reached skill level 9 in Long Blades
  5568 | D:7      | XOM: stat loss: -1 Dex (16/17)
  5582 | D:7      | XOM: swap monsters
  5587 | D:7      | XOM: chaos upgrade
  5588 | D:7      | XOM: confuse monster(s)
  5592 | D:7      | XOM: 3-stop teleportation journey
  5602 | D:7      | XOM: 1-stop teleportation journey
  5640 | D:7      | Found a runed translucent gate.
  5640 | D:7      | Found a runed translucent gate.
  5640 | D:7      | Found a runed translucent gate.
  5643 | D:7      | Noticed a gargoyle
  5643 | D:7      | Noticed Griffin23's ghost (novice MiFi)
  5731 | D:7      | XOM: summons 2 friendly demons
  5840 | D:7      | XOM: god gift: fuming sapphire potion {god gift}
  5854 | D:7      | XOM: 2-stop teleportation journey
  6055 | D:7      | Reached skill level 10 in Long Blades
  6056 | D:7      | Reached XP level 10. HP: 45/79 MP: 10/10
  6195 | D:7      | XOM: divination: detect items
  6596 | D:8      | Noticed Maggie
  6603 | D:8      | Killed Maggie
  6696 | D:8      | Reached skill level 11 in Long Blades
  6806 | D:8      | XOM: enchant monster (good)
  6925 | D:8      | Found Hoalaiz's Assorted Antiques.
  6925 | D:8      | XOM: 3-stop teleportation journey
  6938 | D:8      | Identified a scroll of acquirement
  6938 | D:8      | Acquired 518 gold pieces
  7005 | D:6      | Bought a glowing demon blade for 432 gold pieces
  7164 | D:8      | XOM: scenery: summon butterflies
  7705 | D:9      | Noticed a deep elf pyromancer
  7708 | D:9      | XOM: scenery: summon butterflies
  7711 | D:9      | XOM: enchant monster (good)
  7712 | D:9      | Killed a deep elf pyromancer
  7713 | D:9      | Reached skill level 12 in Long Blades
  7985 | D:9      | Noticed a deep elf pyromancer
  7985 | D:9      | Noticed a deep elf pyromancer
  7990 | D:9      | Killed a deep elf pyromancer
  7991 | D:9      | Reached skill level 13 in Long Blades
  7996 | D:9      | Reached XP level 11. HP: 36/84 MP: 11/11
  8000 | D:9      | Killed a deep elf pyromancer
  8030 | D:9      | XOM: scenery: 1 doors open
  8069 | D:9      | Noticed a deep elf pyromancer
  8073 | D:9      | Killed a deep elf pyromancer
  8076 | D:9      | XOM: polymorph polar bear -> shapeshifter
  8083 | D:9      | Reached skill level 14 in Long Blades
  8341 | D:9      | Noticed a steelbarb worm
  8350 | D:9      | Killed a steelbarb worm
  8493 | D:9      | Noticed a deep elf pyromancer
  8499 | D:9      | XOM: destruction
  8504 | D:9      | Killed a deep elf pyromancer
  8549 | D:9      | XOM: 1-stop teleportation journey
  8585 | D:9      | XOM: noise
  8587 | D:9      | XOM: blink monster(s)
  8597 | D:9      | Reached skill level 1 in Evocations
  8761 | D:9      | Noticed a two-headed ogre
  8763 | D:9      | XOM: divination: detect items
  8768 | D:9      | Killed a two-headed ogre
  8890 | D:10     | Entered Level 10 of the Dungeon
  9030 | D:10     | XOM: enchant monster (good)
  9038 | D:10     | XOM: cast spell 'Summon Hydra'
  9203 | D:10     | XOM: god gift: dragon-blood talisman
  9263 | D:10     | XOM: give mutations
  9263 | D:10     | Gained mutation: You are frail. (-10% HP) [Xom's mischief]
  9263 | D:10     | Gained mutation: Your mind is acute. (Int +4, Str/Dex -1)
                  | [Xom's mischief]
  9450 | D:10     | XOM: enchant monster (bad)
  9667 | D:11     | Noticed a soul eater
  9700 | D:11     | Noticed Sonja
  9708 | D:11     | Killed Sonja
  9709 | D:11     | Reached XP level 12. HP: 82/82 MP: 12/12
  9717 | D:11     | XOM: give mutations
  9717 | D:11     | Gained mutation: You have hidden genetic defects. [Xom's
                  | mischief]
  9717 | D:11     | Gained mutation: You occasionally shout uncontrollably at
                  | your foes. [Xom's mischief]
  9717 | D:11     | Gained mutation: Your magical capacity is low. (-10% MP)
                  | [Xom's mischief]
  9763 | D:11     | Reached skill level 5 in Stealth
  9808 | D:11     | Noticed Lodul
  9811 | D:11     | XOM: noise
  9811 | D:11     | XOM: butterfly on damage
  9812 | D:11     | XOM: confuse monster(s)
  9819 | D:11     | Lost mutation: You occasionally shout uncontrollably at
                  | your foes. [potion of mutation]
  9819 | D:11     | Lost mutation: You are frail. (-10% HP) [potion of
                  | mutation]
  9819 | D:11     | Lost mutation: You have hidden genetic defects. [potion of
                  | mutation]
  9827 | D:11     | XOM: potion effect (curing)
  9828 | D:11     | Killed Lodul
  9829 | D:11     | Reached skill level 5 in Evocations
  9991 | D:11     | XOM: divination: detect creatures
 10002 | D:11     | XOM: divination: detect items
 10132 | D:11     | XOM: silly message
 10182 | D:11     | XOM: divination: magic mapping
 10197 | D:11     | XOM: divination: magic mapping
 10199 | D:11     | Found a roughly hewn altar of Beogh.
 10199 | D:11     | Found a staircase to the Orcish Mines.
 10463 | D:11     | Noticed a two-headed ogre
 10471 | D:11     | Killed a two-headed ogre
 10727 | D:12     | XOM: stealth player
 10780 | D:12     | XOM: cast spell 'Summon Ice Beast'
 10785 | D:12     | HP: 2/94 [hog[Kirke] (9)]
 10787 | D:12     | Incinerated by a deep elf pyromancer

Illustrated notes

Levels and vault maps discovered:
D:1:      amcnicky_arrival_abandoned_market, layout_basic,
          minmay_misc_feat_secret_circle
D:2:      layout_basic, corexii_shack
D:3:      layout_basic, grunt_temple_overflow_forces_of_nature,
          portal_sewer_entry_b, st_stairs_9, grunt_ministairs_3,
          nicolae_figureground_sparkle
D:4:      layout_gridville, zin_angel, nicolae_overflows_in_rows, serial_shops,
          shop, uniq_menkaure, uniq_grinder
D:5:      layout_rooms, serial_shops, nicolae_shop_tiny_glass,
          serial_park_tiny_pond, nicolae_twisty_statue_hallways
D:6:      layout_loops_cross, minmay_temple_entry_ruins, serial_shops, shop,
          nicolae_shop_just_a_little_nook, shop, nicolae_shop_tiny_waterfront,
          nicolae_shop_pleasant_corner_grove, minmay_door_square,
          kennysheep_generic_room_3, uniq_eustachio
D:7:      hangedman_cross_stitches, layout_loops_ring, gammafunk_ghost_split
D:8:      layout_loops_ring, serial_shops, nicolae_square_shop,
          minmay_misc_feat_alley, uniq_maggie
D:9:      dpeg_index_elf_rogue_hall, layout_gridville
D:10:     layout_loops_ring, serial_library_hellmonk_reading_circle, minivault_5
D:11:     layout_roguey, david_orc_5, uniq_lodul, uniq_sonja
D:12:     layout_cave_pods, serial_glass, glass_columns_c, glass_columns_b,
          uniq_kirke

Skill      XL: |  1  2  3  4  5  6  7  8  9 10 11 12 |
---------------+-------------------------------------+-----
Dodging        | 1 2 3 4 5 6 7 |  7.5
Long Blades    | 4 5 6 8 10 13 14 | 14.6
Fighting       | 4 5 6 7 8 |  8.8
Stealth        | 1 3 4 5 |  5.9
Evocations     | 4 6 |  6.5
Armour         | |  1.7

Action                     |  1- 3 |  4- 6 |  7- 9 | 10-12 || total
---------------------------+-------+-------+-------+-------++-------
  Melee: Falchion          |    81 |    93 |   195 |    43 ||   412
         Dagger            |    83 |    48 |       |       ||   131
         Whip              |       |    35 |   158 |       ||   193
         Demon blade       |       |       |    19 |   544 ||   563
  Throw: Throwing net      |       |     1 |       |       ||     1
  Evoke: Wand              |       |       |       |     5 ||     5
    Use: Potion            |       |     2 |     3 |     5 ||    10
         Scroll            |       |     7 |     8 |     8 ||    23
   Stab: Sleeping          |     1 |       |     4 |    10 ||    15
         Paralysed         |       |     1 |     1 |     5 ||     7
         Confused          |       |       |     1 |     2 ||     3
         Distracted        |       |       |     2 |     2 ||     4
         Petrified         |       |       |       |     3 ||     3
         Petrifying        |       |       |       |     1 ||     1
 Armour: Leather armour    |    46 |    74 |       |       ||   120
         Troll leather arm |       |     8 |    25 |       ||    33
         Ring mail         |       |       |   154 |     3 ||   157
         Swamp dragon scal |       |       |       |   137 ||   137
  Dodge: Dodged            |    45 |    98 |   149 |   138 ||   430

Table legend: (Time is in decaauts)
 A = Elapsed time spent in this place.
 B = Non-inter-level travel time spent in this place.
 C = Inter-level travel time spent in this place.
 D = Time resting spent in this place.
 E = Time spent auto-exploring this place.
 F = Levels seen in this place.
 G = Mean time per level.
                   A        B        C        D        E       F      G
               +--------+--------+--------+--------+--------+-----+--------+
         Total |  10999 |  10599 |    400 |   2666 |   5737 |  13 |  846.1 |
       Dungeon |  10809 |  10409 |    400 |   2582 |   5730 |  12 |  900.8 |
         Sewer |    190 |    190 |      0 |     84 |      7 |   1 |  190.0 |
               +--------+--------+--------+--------+--------+-----+--------+

Top non-repeatable levels by time:
     D:9: 1391 daAuts
     D:6: 1202 daAuts
     D:7: 1084 daAuts
     D:2: 1077 daAuts
    D:11: 1057 daAuts
     D:8: 966 daAuts
     D:3: 915 daAuts
     D:1: 890 daAuts
     D:4: 794 daAuts
    D:10: 774 daAuts
     D:5: 603 daAuts
   Sewer: 190 daAuts
    D:12: 52 daAuts
